AoeStats
← K

Arena

508738066Analyzed
4v4 RM · 10d ago on Sep 23, 2026· 41m 48s· 8 players
Game mode
Random Map
Map size
Large (8 player)
Population
200
Speed
Normal
Resources
Standard
Victory
Conquest
Starting age
Dark Age
Ending age
Imperial Age
RankedLock teamsTeams togetherTeam positionsShared explorationLock speedFull tech treeHidden civsTurbo modeCheats
Victory
Defeat
🇲🇽 Saracens · Mexico
1222
+15
🇫🇷 Teutons · France
1216
+16
🇲🇽 Mongols · Mexico
1188
+17
🇧🇪 Portuguese · Belgium
1167
+18
🇧🇷 Italians · Brazil
1219
-17
🇧🇴 Magyars · Bolivia
1213
-17
🇦🇷 Saxons · Argentina
1196
-16
🇬🇧 Dravidians · United Kingdom
1195
-16
canijo2512
11:46 Feudal Age
16:08 Castle Age
14:43 Double-Bit Axe
14:39 Horse Collar
17:16 Bow Saw
17:07 Heavy Plow
23:29 Wheelbarrow
23:23 Loom
24:19 Gold Mining
26:09 Hand Cart
28:17 Gold Shaft Mining
27:53 Stone Mining
32:02 Imperial Age
29:58 Scale Barding Armor
30:03 Forging
31:52 Chain Barding Armor
32:33 Iron Casting
32:42 Bloodlines
32:33 Husbandry
32:18 Elite Mameluke
33:19 Conscription
33:37 Plate Barding Armor
34:45 Blast Furnace
33:56 Onager
35:00 Counterweights
35:03 Siege Onager
37:19 Siege Engineers
39:45 Two-Man Saw
noumha
11:44 Feudal Age
15:51 Castle Age
22:30 Imperial Age
20:44 Crossbowman
21:51 Double-Bit Axe
22:39 Loom
22:56 Fletching
28:21 Arbalester
29:40 Bodkin Arrow
30:34 Ballistics
30:19 Padded Archer Armor
32:20 Bracer
32:34 Elite Skirmisher
34:45 Thumb Ring
36:28 Chemistry
37:13 Leather Archer Armor
39:18 Gold Mining
Capitaine Haddock
5:35 Loom
8:35 Feudal Age
12:31 Fletching
18:02 Double-Bit Axe
17:59 Horse Collar
23:04 Castle Age
24:09 Bodkin Arrow
24:54 Wheelbarrow
29:37 Imperial Age
29:36 Bow Saw
29:30 Heavy Plow
33:39 Hand Cart
37:08 Chemistry
Megatron2002
Rbofff
Zx0mB0Y
11:27 Feudal Age
11:48 Loom
12:44 Man-at-Arms
17:41 Fletching
20:04 Double-Bit Axe
20:26 Stone Mining
20:26 Horse Collar
K
10:47 Feudal Age
15:26 Castle Age
14:30 Double-Bit Axe
14:38 Gold Mining
16:36 Fletching
21:21 Bodkin Arrow
22:07 Loom
22:57 Wheelbarrow
27:53 Thumb Ring
27:51 Padded Archer Armor
33:28 Imperial Age
31:14 Hand Cart
30:44 Town Watch
31:22 Horse Collar
32:05 Bow Saw
33:52 Elite Elephant Archer
34:35 Bracer
34:50 Leather Archer Armor
36:34 Conscription
38:06 Ring Archer Armor
39:16 Chemistry
40:21 Ballistics
Riky
Connection lost

Rejoining the realm…

Still unreachable

The connection could not be restored.

Session expired

The server has moved on; the page needs a fresh start.